 Dungeon Crawl Stone Soup version 0.18.1-50-g88ac8fd (webtiles) character file.

707256 CountDeLaPain the Politician (level 27, -2/199 HPs)
             Began as a Kobold Berserker on Oct 17, 2016.
             Was the Champion of Trog.
             Slain by an azure jelly (7 damage)
             ... created by the Royal Jelly
             ... on level 5 of the Pits of Slime on Oct 18, 2016.
             The game lasted 08:57:30 (121114 turns).

CountDeLaPain the Politician (Kobold Berserker)   Turns: 121114, Time: 08:57:31

Health: -2/199     AC: 18    Str: 21    XL:     27
Magic:  32/32      EV: 36    Int:  8    God:    Trog [******]
Gold:   5588       SH: 13    Dex: 23    Spells: 0 memorised, 26 levels left

rFire  + . .     SeeInvis .     S - +1 rod of clouds (5/10)
rCold  + . .     Gourm    .     a - +3 fire dragon armour
rNeg   . . .     Faith    .     A - +2 buckler {AC+3}
rPois  .         Spirit   .     W - +2 hat {MR+}
rElec  .         Dismiss  .     O - +2 cloak {MR+}
rCorr  +         Reflect  +     I - +0 pair of gloves {rC+}
SustAt .         Harm     .     L - +0 pair of boots
MR     +++++                    X - +4 amulet of reflection
Stlth  +++++++++.               y - ring of Unloag {Ice MR+ Str+3}
                                h - ring of resist corrosion

@: about to teleport, corroded, regenerating, almost entirely resistant to
hostile enchantments, incredibly stealthy
A: carnivore 3
a: Berserk, Trog's Hand, Brothers in Arms, Burn Spellbooks, Renounce Religion
}: 3/15 runes: serpentine, barnacled, silver


You were on level 5 of the Pits of Slime.
You worshipped Trog.
Trog was exalted by your worship.
You were not hungry.

You visited 12 branches of the dungeon, and saw 60 of its levels.
You visited the Abyss 5 times.
You also visited: Labyrinth, Trove and Ice Cave.

You collected 7102 gold pieces.
You spent 1514 gold pieces at shops.

Inventory:

Hand Weapons
 i - the +9 rapier of the Doomed Warrior {freeze, *Confuse +Inv Dex+3 SInv}
   (You found it in a treasure trove)

   It has been specially enchanted to freeze those struck by it, causing extra
   injury to most foes and up to half again as much damage against particularly
   susceptible opponents.
   It can also slow down cold-blooded creatures.
   It affects your dexterity (+3).
   It lets you see invisible.
   It lets you turn invisible.
   It may confuse you when you take damage.
 t - the +10 rapier of the Trees {elec, rC+ Str+4}
   (Trog gifted it to you on level 1 of the Lair of Beasts)

   Occasionally, upon striking a foe, it will discharge some electrical energy
   and cause terrible harm.
   It affects your strength (+4).
   It protects you from cold.
Armour
 a - a +3 fire dragon armour (worn)
 A - a +2 buckler of protection (worn)
 I - a +0 pair of gloves of cold resistance (worn)
 L - a +0 pair of boots (worn)
 O - a +2 cloak of magic resistance (worn)
 W - a +2 hat of magic resistance (worn)
Rods
 w - a +4 lightning rod (13/13)
   (You took it off a yaktaur on level 2 of the Depths)
 S - a +1 rod of clouds (5/10) (in hand)
   (You found it on level 4 of the Abyss)
Jewellery
 e - an uncursed ring of protection from fire
 h - a ring of resist corrosion (left hand)
 j - the ring "Dotrohociaw" {MR+ AC+5}
   (You took it off a yaktaur on level 2 of the Depths)

   [ring of protection]

   It affects your AC (+5).
   It affects your resistance to hostile enchantments.
 o - the amulet "Engianni" {Dismiss rPois rC+}
   (You took it off a deep elf annihilator on level 3 of the Elven Halls)

   [amulet of dismissal]

   It may teleport away creatures that harm you.
   It protects you from cold.
   It protects you from poison.
 s - the amulet of the Scarab {rF+ Regen+}
   (You took it off a skeletal warrior on level 3 of the Crypt)

   [amulet of regeneration]

   It protects you from fire.
   It increases your rate of regeneration.
 y - the ring of Unloag (right hand) {Ice MR+ Str+3}
   (You took it off a deep elf annihilator on level 3 of the Elven Halls)

   [ring of ice]

   It enhances your ice magic, and weakens your fire magic.
   It affects your strength (+3).
   It makes you vulnerable to fire.
   It protects you from cold.
   It affects your resistance to hostile enchantments.
 D - the cursed ring of the Duke {rC+ MR+ Dex-3}
   (You found it on level 5 of the Vaults)

   [ring of dexterity]

   It affects your dexterity (-3).
   It protects you from cold.
   It affects your resistance to hostile enchantments.
   It has a curse placed upon it.
 Q - the ring of Magginopt {Str+4 Int+2 Stlth+}
   (You took it off a spriggan air mage on level 2 of the Depths)

   [ring of stealth]

   It affects your strength (+4).
   It affects your intelligence (+2).
   It makes you more stealthy.
 T - the ring "Saidoacam" {-Tele rPois rN++ MP+9}
   (You found it in an ice cave)

   [ring of magical power]

   It protects you from poison.
   It greatly protects you from negative energy.
   It affects your magic capacity (+9).
   It prevents most forms of teleportation.
 X - a +4 amulet of reflection (around neck)
Wands
 b - a wand of acid (2/15)
 E - a wand of paralysis (9/24)
 K - a wand of disintegration (24/24)
 Z - a wand of lightning (0/15)
Scrolls
 d - 17 scrolls of remove curse
 g - 20 scrolls of identify
 k - 7 scrolls of magic mapping
 m - 7 scrolls of fear
 r - 7 scrolls of enchant weapon
 v - a scroll of acquirement
 x - 9 scrolls of recharging
 F - 7 scrolls of blinking
 P - 6 scrolls of fog
 R - 6 scrolls of teleportation
Potions
 l - 6 potions of resistance
 n - 12 potions of curing
 p - 6 potions of agility
 q - 3 potions of haste
 u - 2 potions of cure mutation
 G - 8 potions of might
 J - 9 potions of heal wounds
Miscellaneous
 z - a fan of gales (inert)
 C - a phial of floods (inert)
 N - a lamp of fire (inert)
 U - a disc of storms
 V - a box of beasts {used: 11}
 Y - a sack of spiders {used: 3}
Comestibles
 c - 23 meat rations
 f - 10 beef jerkies
 B - 2 slices of pizza
 M - 8 royal jellies


   Skills:
 O Level 27 Fighting
 O Level 27 Short Blades
   Level 0.5(12.9) Long Blades
 + Level 18.4 Armour
 O Level 27 Dodging
 O Level 27 Stealth
 - Level 5.6 Shields
 + Level 12.6 Evocations


You had 26 spell levels left.
You didn't know any spells.

Dungeon Overview and Level Annotations

Branches:
Dungeon (15/15)            Temple (0/1) D:5            Lair (8/8) D:11
 Shoals (4/4) Lair:5        Snake (4/4) Lair:4        Slime (6/6) Lair:6
    Orc (2/2) D:9             Elf (3/3) Orc:2        Vaults (5/5) D:13
  Crypt (3/3) Vaults:3       Tomb (0/3) Crypt:3      Depths (5/5) D:15
   Hell (1/1)                 Dis (0/7) Hell            Geh (0/7) Hell
    Coc (0/7) Hell            Tar (0/7) Hell            Zot (4/5) Depths:5

Altars:
Ashenzari
Cheibriados
Gozag
Kikubaaqudgha
Makhleb
Nemelex Xobeh
Pakellas
Ru
Sif Muna
Trog
Vehumet
Zin
The Shining One
Beogh

Shops:
D:4 [   D:6 ?   D:9 !   D:12 *   Orc:2 ![!:   Elf:1 (   Vaults:1 (
Vaults:5 %!!   Depths:3 *[[

Portals:
Hell: Depths:1 Depths:2 Depths:3 Depths:4 Depths:5
Abyss: Depths:3 Depths:4
Pandemonium: Depths:3
Ziggurat: Depths:2

Annotations:
Slime:6 Royal Jelly
Depths:5 5 runed doors


Innate Abilities, Weirdness & Mutations

You are small and have problems with some larger weapons.
You are carnivorous and can eat meat at any time.


Message History

The azure jelly closely misses you.
Really attack while wielding your +1 rod of clouds (5/10)? [Y]es or [N]o only, please.
Really attack while wielding your +1 rod of clouds (5/10)?
Okay, then.
Two slime creatures merge to form a very large slime creature.
You block the azure jelly's attack. x2
The azure jelly hits you but does no damage.
The azure jelly misses you. The azure jelly completely misses you.
The azure jelly hits you but does no damage.
The azure jelly completely misses you. x2; The acid blob hits you!!
* * * LOW HITPOINT WARNING * * *
You are splashed with acid!
The acid burns!
You resist.
* * * LOW HITPOINT WARNING * * *
The acid blob closely misses you. The acid blob hits you!
* * * LOW HITPOINT WARNING * * *
You are splashed with acid!
The acid burns!
You resist.
* * * LOW HITPOINT WARNING * * *
The azure jelly misses you. The azure jelly hits you!
You die...

#....#....##.# ##
####........###.## #.#
##.###...^...##...### ...
#...#........###.#..##..#
#.............#.........#
#.............#........##
#.......JJJ.............#
##....JJJJJ............##
###.#.J@JJ............##
##...#JJJJ.............#
##...##.............##..#
#....................#...
##...........##.......#.#
##.............#.....#...
#.......................#
##.................#.....
#....###.......#.........


You could see 4 acid blobs, 4 azure jellies, a very large slime creature, a
large slime creature and 5 slime creatures.

Vanquished Creatures
  Dissolution (Slime:4)
  2 orbs of fire
  2 ancient liches
  3 juggernauts
  Saint Roka (Elf:3)
  Norris (Depths:1)
  2 Killer Klowns (Zot:4)
  A caustic shrike (Depths:2)
  A curse toe (Zot:1)
  Geryon (Hell)
  8 golden dragons
  Xtahua (Depths:5)
  5 bone dragons
  7 liches
  Jorgrun (Vaults:5)
  Rupert (Lair:7)
  2 hellephants
  18 tentacled monstrosities
  A shard shrike skeleton (Crypt:1)
  An Ice Fiend (IceCv)
  The ghost of ringo67 the Warrior, an adept MiBe of Trog (Elf:2)
  2 deep elf blademasters
  3 titans (Vaults:5)
  Asterion (Elf:1)
  A kraken (Abyss:4)
  A deep elf master archer (Elf:3)
  16 acid blobs
  7 sphinxes
  5 tentacled starspawn
  6 death cobs
  Gastronok (D:9)
  Murray (Hell)
  7 shadow dragons
  Polyphemus (Shoals:2)
  Agnes (Snake:2)
  4 ancient champions
  10 storm dragons
  6 greater nagas
  8 tengu reavers
  A thorn hunter (Abyss:1)
  Ilsuiw (Shoals:4)
  6 draconian monks
  14 fire giants
  11 azure jellies
  Donald (Vaults:3)
  7 deep elf sorcerers
  11 frost giants
  3 ghouls
  15 vault wardens
  Maud (D:11)
  4 draconian scorchers
  A balrug (Depths:3)
  An iron dragon (shapeshifter) (Depths:2)
  4 iron dragons
  6 draconian knights
  A cacodemon (Hell)
  2 curse skulls
  A juggernaut zombie (Depths:1)
  A ghost moth (Zot:4)
  9 ironheart preservers
  A caustic shrike zombie (Depths:4)
  The ghost of asss the Warrior, a journeyman HOFi of Beogh (Orc:2)
  2 draconian zealots (Zot:3)
  7 reapers
  4 draconian shifters
  7 deep elf elementalists
  3 draconian annihilators
  7 vampire knights
  7 war gargoyles
  A caustic shrike skeleton (Crypt:1)
  14 green draconians
  6 salamander stormcallers
  6 draconian callers
  An ophan (Abyss:1)
  7 deep elf demonologists
  31 stone giants
  9 black draconians
  39 very ugly things
  9 spark wasps
  9 red draconians
  7 deep elf annihilators
  4 dire elephants (Lair:8)
  10 yellow draconians
  24 ettins
  7 white draconians
  7 mottled draconians
  The ghost of jordan the Bludgeoner, a journeyman DrBe of Trog (IceCv)
  An eidolon (Crypt:1)
  4 purple draconians
  2 crystal guardians (Crypt:3)
  Snorg (Lair:3)
  3 blizzard demons
  11 merfolk impalers
  7 merfolk javelineers
  A minotaur (Lab)
  12 deep elf death magi
  18 great orbs of eyes
  2 death oozes
  27 vault guards
  21 fire dragons
  13 yaktaur captains
  21 naga warriors
  Erolcha (D:11)
  5 deep elf high priests
  6 entropy weavers
  5 hydras
  7 rakshasas
  16 ice dragons
  Harold (D:12)
  A caustic shrike simulacrum (Depths:4)
  A great orb of eyes (shapeshifter) (Vaults:5)
  12 anacondas
  2 catoblepae
  4 merfolk aquamancers
  11 centaur warriors
  3 spriggan air magi
  Erica (D:11)
  3 satyrs
  2 merfolk avatars
  9 death knights
  14 ogre magi
  9 death yaks
  10 deep troll shamans
  25 dancing weapons
  A hell hog (shapeshifter) (Depths:2)
  9 deep troll earth magi
  2 vampire magi
  A thrashing horror (Abyss:2)
  6 tengu warriors
  15 hell knights
  4 titan zombies
  A hell hog (Abyss:4)
  3 shock serpents (Snake:4)
  3 spriggan berserkers
  2 iron golems
  7 sun demons
  16 naga sharpshooters
  5 soul eaters
  A titan skeleton (Vaults:5)
  31 deep elf knights
  2 wretched stars (Abyss:2)
  3 shadow wraiths
  2 salamander mystics
  A spark wasp zombie (Depths:4)
  4 fire crabs
  31 skeletal warriors
  A spatial maelstrom (Abyss:1)
  2 death drakes (shapeshifter)
  2 iron trolls (Hell)
  9 flayed ghosts
  6 giant orange brains
  A sea snake (shapeshifter) (Vaults:4)
  15 sea snakes
  A storm dragon skeleton (Crypt:1)
  24 deep trolls
  2 unseen horrors
  An anaconda zombie (Hell)
  19 deep elf archers
  11 naga ritualists
  A lindwurm (shapeshifter) (Abyss:1)
  11 ironbrand convokers
  An obsidian statue (D:13)
  Pikel (D:9)
  2 sphinx zombies
  7 hill giants
  10 phantasmal warriors
  2 golden dragon skeletons (Depths:4)
  17 necromancers
  A hill giant (shapeshifter) (Vaults:5)
  14 orc knights
  22 harpies
  6 wizards
  A wolf spider zombie (D:15)
  2 stone giant zombies
  76 deep elf magi
  60 ugly things
  12 fauns
  10 orc sorcerers
  22 mana vipers
  4 wolf spiders
  16 griffons
  A sixfirhy (Hell)
  A hornet (shapeshifter) (Vaults:1)
  9 shining eyes
  12 manticores
  A faun (shapeshifter) (Vaults:5)
  2 worldbinders (Abyss:2)
  46 black mambas
  12 salamanders
  10 cyclopes
  13 elephants
  15 moths of wrath
  Psyche (D:11)
  11 sirens
  11 guardian serpents
  2 apocalypse crabs (Abyss:4)
  A fire giant skeleton (Crypt:3)
  4 rust devils
  11 vault sentinels
  7 eyes of devastation
  3 ice statues
  A stone giant skeleton (Crypt:2)
  A torpor snail (Lair:5)
  9 water nymphs
  2 frost giant skeletons
  The ghost of rozman the Nimble, a novice FeBe of Trog (D:9)
  7 smoke demons
  32 naga magi
  A storm dragon simulacrum (Abyss:2)
  22 spiny frogs
  A gargoyle (D:11)
  8 komodo dragons
  2 shock serpent skeletons (Crypt:1)
  2 hellions
  3 efreet
  An eye of devastation (shapeshifter) (Depths:3)
  3 rime drakes
  41 yaktaurs
  19 freezing wraiths
  4 kobold demonologists
  A hellwing (Abyss:1)
  A yaktaur skeleton (Depths:1)
  9 small abominations
  A catoblepas skeleton (Crypt:1)
  A yellow draconian skeleton (Crypt:1)
  5 ancient zymes
  6 tengu conjurers
  14 ice devils
  2 human skeletons
  A mottled draconian skeleton (Crypt:2)
  3 jumping spiders
  42 merfolk
  A tengu simulacrum (Vaults:3)
  10 trolls
  A merfolk (shapeshifter) (Depths:3)
  A wolf spider simulacrum (D:15)
  2 hydra zombies (Hell)
  A harpy zombie (Crypt:1)
  A polar bear (Lair:8)
  3 hydra skeletons
  16 snapping turtles
  2 two-headed ogres
  6 boulder beetles
  3 wind drakes
  A bog body (Crypt:1)
  A harpy skeleton (D:12)
  A human simulacrum (Vaults:5)
  2 raiju (shapeshifter)
  2 fire dragon zombies (Crypt:3)
  23 blink frogs
  A spriggan zombie (Depths:1)
  A sphinx simulacrum (Depths:4)
  A fire giant simulacrum (Vaults:5)
  131 slime creatures
  An ettin zombie (Crypt:1)
  A fire dragon skeleton (Vaults:1)
  7 raiju
  30 flying skulls
  5 air elementals
  2 alligator zombies
  An ettin skeleton (Vaults:1)
  23 redbacks
  A spriggan (Lair:7)
  2 vampires
  2 ynoxinuls (Abyss:4)
  A redback (shapeshifter) (Vaults:5)
  3 tarantellas
  An alligator skeleton (Hell)
  2 black mamba zombies (Crypt:1)
  22 water elementals
  A wyvern (shapeshifter) (Vaults:2)
  A basilisk (shapeshifter) (Vaults:5)
  13 wraiths
  3 shadows
  4 wyverns
  A human (shapeshifter) (Elf:1)
  2 fire bats (Abyss:2)
  10 large abominations
  13 golden eyes
  75 yaks
  3 yaks (shapeshifter)
  6 fire elementals
  The ghost of PlaidPatriot the Poker, an amateur MiGl (D:5)
  A chaos spawn (Abyss:2)
  6 hogs (Elf:1)
  3 hungry ghosts
  13 vampire mosquitoes
  4 neqoxecs
  A yaktaur simulacrum (Vaults:1)
  15 hippogriffs
  Edmund (D:6)
  4 wargs
  A naga (shapeshifter) (D:8)
  65 nagas
  2 soldier ants (D:8)
  A glowing shapeshifter zombie (Crypt:1)
  15 water moccasins
  A tengu skeleton (Depths:1)
  A giant eyeball (Depths:4)
  2 spiny frog zombies (Hell)
  2 giant eyeballs (shapeshifter) (Vaults:5)
  A putrid demonspawn skeleton (Crypt:1)
  13 porcupines
  5 hell hounds (Hell)
  A manticore zombie (Crypt:1)
  31 orc warriors
  11 ice beasts
  A black bear (D:10)
  An eye of draining (shapeshifter) (Depths:4)
  8 sky beasts
  3 slaves (D:9)
  A wasp (D:8)
  A spriggan simulacrum (Depths:1)
  13 boggarts
  30 ogres
  An ogre (shapeshifter) (Vaults:5)
  5 phantoms
  2 snapping turtle zombies (Crypt:3)
  9 eyes of draining
  13 wolves
  2 anubis guard skeletons
  6 necrophages
  23 centaurs
  14 crocodiles
  5 snapping turtle skeletons
  The ghost of SkinMadness the Skirmisher, an amateur GrBe of Trog (D:3)
  Blork the orc (D:6)
  2 human zombies
  2 big kobolds
  21 giant frogs
  5 earth elementals
  2 wyvern zombies
  2 gnoll sergeants
  2 scorpions
  A troll zombie (Crypt:2)
  17 killer bees
  8 wights
  A troll skeleton (Crypt:1)
  A vampire bat (Orc:2)
  3 electric eels
  13 howler monkeys
  10 crimson imps
  A giant frog zombie (D:11)
  A lava snake (Lair:8)
  18 starcursed masses
  4 quasits
  8 hounds
  7 iron imps
  14 orc priests
  6 centaur skeletons
  6 centaur zombies
  3 giant frog skeletons
  41 jellies
  46 orc wizards
  Terence (D:2)
  6 hell rats
  10 iguanas
  11 worker ants
  23 sheep
  A felid skeleton (Crypt:2)
  A hound skeleton (D:7)
  8 gnolls
  70 river rats
  16 adders
  A steam dragon zombie (Crypt:1)
  6 shadow imps
  19 white imps
  7 ufetubi
  An ooze (D:1)
  An adder skeleton (D:4)
  A worm (D:8)
  7 dart slugs
  9 giant geckos
  101 orcs
  A bat skeleton (Crypt:1)
  3 giant cockroaches
  4 goblins
  15 hobgoblins
  6 jackals (D:1)
  7 quokkas
  16 bats
  A giant gecko zombie (D:7)
  7 giant newts
  2 jackal zombies
  18 kobolds
  A quokka skeleton (D:8)
  8 rats
  A rat zombie (Crypt:2)
  A crawling corpse (Vaults:5)
  A fire vortex (Vaults:2)
  A fungus (Lair:6)
  A lost soul (Crypt:3)
  2 plants
  A starspawn tentacle (Abyss:2)
  A tentacle (Shoals:2)
3158 creatures vanquished.

Vanquished Creatures (collateral kills)
  A deep elf blademaster (Elf:2)
  Kirke (Elf:1)
  A deep elf elementalist (Elf:3)
  A red draconian (Depths:5)
  A dire elephant (Lair:8)
  A deep elf annihilator (Elf:3)
  A death ooze (Slime:6)
  A deep elf death mage (Elf:3)
  A naga warrior (Snake:4)
  The ghost of btp524 the Fighter, a journeyman GrFi of Okawaru (D:8)
  A death knight (Vaults:4)
  A merfolk avatar (Shoals:3)
  5 death yaks (Lair:8)
  2 naga sharpshooters (Snake:4)
  2 skeletal warriors
  A deep elf archer (Elf:1)
  A naga ritualist (Snake:4)
  A necromancer (Crypt:3)
  3 orc knights (Vaults:1)
  3 deep elf magi (Elf:1)
  4 ugly things (Vaults:2)
  An oklob plant (Lair:4)
  A guardian serpent (Snake:4)
  5 naga magi (Snake:4)
  A water nymph (Shoals:2)
  A vault sentinel (Vaults:4)
  An efreet (Zot:3)
  A rime drake (shapeshifter) (Vaults:2)
  An ice devil (IceCv)
  4 blink frogs
  A boulder beetle (Vaults:4)
  A slime creature (Slime:2)
  10 yaks
  A wyvern (D:10)
  2 nagas (Snake:4)
  4 orc warriors
  An eye of draining (shapeshifter) (Vaults:5)
  A centaur (D:8)
  3 crocodiles
  A big kobold (D:9)
  A giant frog (D:8)
  A killer bee (D:8)
  5 wights (D:10)
  A howler monkey (D:8)
  A hound (D:9)
  A sheep (Lair:8)
  6 orcs
  3 kobolds (D:9)
94 creatures vanquished.

Vanquished Creatures (others)
  A deep elf master archer (Elf:3)
  A lich (Depths:5)
  A greater naga (Snake:4)
  A draconian knight (Zot:1)
  A vault warden (Vaults:5)
  2 deep elf elementalists (Vaults:5)
  A draconian scorcher (Zot:3)
  An ironheart preserver (Vaults:4)
  A yellow draconian (Zot:1)
  A merfolk javelineer (Shoals:4)
  2 deep elf high priests
  2 centaur warriors
  A naga sharpshooter (Snake:3)
  A shadow wraith (Vaults:2)
  An unseen horror (shapeshifter) (Vaults:2)
  6 deep elf archers
  A necromancer (Depths:4)
  3 deep elf magi
  A manticore (Shoals:2)
  2 naga magi (Snake:4)
  A vault sentinel (Vaults:2)
  3 yaktaurs
  2 red devils (Hell)
  A water elemental (Elf:2)
  A human (Elf:1)
  3 orc warriors
  4 centaurs
  A jelly (shapeshifter) (Depths:2)
  2 orc wizards
  A small abomination (Abyss:1)
  A white imp (IceCv)
  4 ufetubi (IceCv)
  A ball lightning (Depths:2)
  An orc (Vaults:5)
  A crawling corpse (Vaults:5)
  19 fungi
  6 lost souls
  18 plants
  24 starspawn tentacles
  159 starspawn tentacle segments
  6 tentacles (Shoals:2)
  522 tentacle segments (Shoals:2)
812 creatures vanquished.

Grand Total: 4064 creatures vanquished

Notes
Turn   | Place    | Note
--------------------------------------------------------------
     0 | D:1      | CountDeLaPain the Kobold Berserker began the quest for the Orb.
     0 | D:1      | Reached XP level 1. HP: 14/14 MP: 1/1
   287 | D:1      | Reached XP level 2. HP: 15/19 MP: 2/2
   717 | D:1      | Reached XP level 3. HP: 23/23 MP: 3/3
  1390 | D:1      | Reached ** piety under Trog
  1514 | D:1      | Reached XP level 4. HP: 29/29 MP: 4/4
  2075 | D:2      | Noticed Terence
  2084 | D:2      | Killed Terence
  2084 | D:2      | Reached skill level 5 in Short Blades
  2084 | D:2      | Reached XP level 5. HP: 33/33 MP: 5/5
  2239 | D:2      | Found a sacrificial altar of Ru.
  2390 | D:2      | Found a bloodstained altar of Trog.
  2844 | D:2      | Found a sparkling altar of Nemelex Xobeh.
  2860 | D:2      | Reached skill level 5 in Dodging
  3230 | D:3      | Reached skill level 1 in Stealth
  3230 | D:3      | Reached XP level 6. HP: 34/38 MP: 6/6
  3660 | D:3      | Found a faded altar to an unknown god.
  3770 | D:3      | Reached *** piety under Trog
  3809 | D:3      | Noticed SkinMadness's ghost (amateur GrBe)
  3828 | D:3      | Killed SkinMadness's ghost
  4215 | D:3      | Found a burning altar of Makhleb.
  4216 | D:3      | Found a shattered altar of Ashenzari.
  4819 | D:4      | Reached XP level 7. HP: 44/44 MP: 7/7
  4862 | D:4      | Found Boifumi's Antique Armour Shoppe.
  5141 | D:4      | Reached skill level 5 in Fighting
  5234 | D:4      | Bought a buckler for 90 gold pieces
  5623 | D:5      | Entered Level 5 of the Dungeon
  5749 | D:5      | Noticed PlaidPatriot's ghost (amateur MiGl)
  5832 | D:5      | Killed PlaidPatriot's ghost
  5832 | D:5      | Reached XP level 8. HP: 49/49 MP: 8/8
  6336 | D:5      | Found an opulent altar of Gozag.
  6382 | D:5      | Found a staircase to the Ecumenical Temple.
  6470 | D:5      | Found an ancient bone altar of Kikubaaqudgha.
  6622 | D:5      | Found a sacrificial altar of Ru.
  7006 | D:6      | Noticed Blork the orc
  7008 | D:6      | Found Quijumn's Magic Scroll Shoppe.
  7020 | D:6      | Killed Blork the orc
  7020 | D:6      | Reached skill level 1 in Shields
  7215 | D:6      | Noticed Edmund
  7232 | D:6      | Killed Edmund
  7232 | D:6      | Reached XP level 9. HP: 55/55 MP: 9/9
  7315 | D:6      | Reached skill level 5 in Stealth
  7452 | D:6      | Found a snail-covered altar of Cheibriados.
  7460 | D:6      | Found a glowing silver altar of Zin.
  7467 | D:6      | Found a glowing golden altar of the Shining One.
  7496 | D:6      | Found a deep blue altar of Sif Muna.
  8630 | D:7      | Reached **** piety under Trog
  8816 | D:8      | You fall through a shaft for 2 floors!
  8816 | D:10     | Entered Level 10 of the Dungeon
  8820 | D:9      | Noticed a troll
  8822 | D:9      | Found Hycoijuj's Distillery.
  8879 | D:8      | Reached skill level 1 in Evocations
  8919 | D:8      | Noticed btp524's ghost (journeyman GrFi)
  9001 | D:9      | Killed a troll
  9177 | D:9      | Reached XP level 10. HP: 61/61 MP: 9/12
  9423 | D:9      | Reached skill level 10 in Dodging
 10091 | D:8      | Killed btp524's ghost
 10091 | D:8      | Reached skill level 5 in Evocations
 10740 | D:8      | Reached XP level 11. HP: 61/67 MP: 12/14
 11091 | D:9      | Noticed rozman's ghost (novice FeBe)
 11110 | D:9      | Killed rozman's ghost
 11147 | D:9      | Noticed Gastronok
 11155 | D:9      | Reached skill level 10 in Short Blades
 11157 | D:9      | Killed Gastronok
 11569 | D:9      | Noticed Pikel
 11631 | D:9      | Killed Pikel
 11928 | D:9      | Found a staircase to the Orcish Mines.
 12066 | D:10     | Noticed a hill giant
 12293 | D:10     | Killed a hill giant
 12541 | D:10     | Reached XP level 12. HP: 73/73 MP: 17/17
 13071 | D:10     | Reached skill level 5 in Armour
 13687 | D:10     | Found an oddly glowing altar of Pakellas.
 14588 | D:11     | Noticed Erica
 14607 | D:11     | Killed Erica
 14902 | D:11     | Noticed Psyche
 14904 | D:11     | Noticed Erolcha
 14905 | D:11     | Killed Psyche
 14918 | D:11     | Killed Erolcha
 14923 | D:11     | Noticed a five-headed hydra
 14938 | D:11     | Killed a one-headed hydra
 15181 | D:11     | Noticed Maud
 15191 | D:11     | Killed Maud
 15319 | D:11     | Reached skill level 5 in Shields
 15323 | D:11     | Reached XP level 13. HP: 62/80 MP: 14/19
 16221 | D:11     | Reached ***** piety under Trog
 17192 | D:11     | Found a staircase to the Lair.
 17262 | Lair:1   | Entered Level 1 of the Lair of Beasts
 18207 | Lair:1   | Reached skill level 10 in Evocations
 18331 | Lair:1   | Received a gift from Trog
 18334 | Lair:1   | Got a fine rapier {god gift}
 18335 | Lair:1   | Identified the +10 rapier of the Trees {elec, rC+ Str+4} (Trog gifted it to you on level 1 of the Lair of Beasts)
 18579 | Lair:1   | Noticed an eight-headed hydra
 18588 | Lair:1   | Killed a three-headed hydra
 20389 | Lair:3   | Found a labyrinth entrance.
 20401 | Lab      | Entered a labyrinth
 21368 | Lab      | Noticed a minotaur
 21379 | Lab      | Killed a minotaur
 21379 | Lab      | Reached XP level 14. HP: 87/87 MP: 19/21
 21394 | Lab      | Identified the Disquisition on Bewitching Flight
 21542 | Lair:3   | Noticed Snorg
 21567 | Lair:3   | Killed Snorg
 21567 | Lair:3   | Reached skill level 10 in Fighting
 22650 | Lair:4   | Received a gift from Trog
 22721 | Lair:4   | Found a staircase to the Snake Pit.
 24104 | Lair:5   | Reached skill level 10 in Stealth
 24250 | Lair:5   | Found a staircase to the Shoals.
 24918 | Lair:6   | Received a gift from Trog
 24918 | Lair:6   | Reached skill level 15 in Dodging
 25182 | Lair:6   | Found a staircase to the Slime Pits.
 25846 | Lair:7   | Gained mutation: You are partially covered in iridescent scales (AC +4). [potion of beneficial mutation]
 25978 | Lair:7   | Noticed Rupert
 25994 | Lair:7   | Killed Rupert
 25994 | Lair:7   | Reached skill level 15 in Short Blades
 25994 | Lair:7   | Reached XP level 15. HP: 95/95 MP: 17/22
 27231 | Lair:8   | Entered Level 8 of the Lair of Beasts
 27388 | Lair:8   | Received a gift from Trog
 27924 | Lair:8   | Reached ****** piety under Trog
 28209 | Lair:8   | Received a gift from Trog
 28865 | Lair:8   | Got a slimy quick blade
 28866 | Lair:8   | Identified the +2 quick blade of the Evil Eye {freeze, Int+4} (You found it on level 8 of the Lair of Beasts)
 29680 | Orc:1    | Entered Level 1 of the Orcish Mines
 30004 | Orc:2    | Entered Level 2 of the Orcish Mines
 30551 | Orc:2    | Noticed asss's ghost (journeyman HOFi)
 30552 | Orc:2    | Received a gift from Trog
 30565 | Orc:2    | Killed asss's ghost
 30565 | Orc:2    | Reached XP level 16. HP: 101/101 MP: 20/23
 30745 | Orc:2    | Found a staircase to the Elven Halls.
 30912 | Orc:2    | Found Eheis's Distillery.
 30970 | Orc:2    | Found Kifiguw's Antique Armour Shoppe.
 30998 | Orc:2    | Found an ancient bone altar of Kikubaaqudgha.
 31000 | Orc:2    | Paralysed by an orc sorcerer for 6 turns
 31057 | Orc:2    | Found Loupt's Distillery.
 31105 | Orc:2    | Found a radiant altar of Vehumet.
 31375 | Orc:2    | Found a roughly hewn altar of Beogh.
 31375 | Orc:2    | Found Ceghos's Book Shoppe.
 31984 | Shoals:1 | Entered Level 1 of the Shoals
 32462 | Shoals:1 | Received a gift from Trog
 34136 | D:12     | Found Umacif's Elemental Accessories.
 34250 | D:12     | Noticed Harold
 34264 | D:12     | Killed Harold
 35475 | D:4      | Bought a shiny ring mail for 80 gold pieces
 35787 | D:13     | Found a gate to the Vaults.
 35812 | D:13     | Reached XP level 17. HP: 108/108 MP: 24/24
 35924 | D:13     | Received a gift from Trog
 36071 | D:13     | Got a smelly scale mail
 36082 | D:13     | Identified the cursed +0 scale mail "Facot" {MR+} (You found it on level 13 of the Dungeon)
 36933 | Elf:1    | Entered Level 1 of the Elven Halls
 37079 | Elf:1    | Received a gift from Trog
 37419 | Elf:1    | Found Tutaupon's Antique Weapon Boutique.
 37471 | Elf:1    | Noticed Kirke
 37490 | Elf:1    | Killed Kirke
 38090 | Elf:1    | Noticed Asterion
 38741 | D:14     | Got a scorched dagger
 38742 | D:14     | Identified the +4 dagger of Yjehuthi {speed, rF+ MR+ Dex+3} (You found it on level 14 of the Dungeon)
 39301 | D:14     | Found a glowing golden altar of the Shining One.
 39530 | D:15     | Entered Level 15 of the Dungeon
 39753 | D:15     | Received a gift from Trog
 39771 | D:15     | Found a staircase to the Depths.
 40571 | D:15     | Found a portal to a secret trove of treasure.
 41000 | Shoals:2 | Found a frozen archway.
 41055 | IceCv    | Entered an ice cave
 41055 | IceCv    | Noticed jordan's ghost (journeyman DrBe)
 41068 | IceCv    | Killed jordan's ghost
 41068 | IceCv    | Reached XP level 18. HP: 114/114 MP: 25/25
 41603 | IceCv    | Noticed an Ice Fiend
 41630 | IceCv    | Killed an Ice Fiend
 41758 | IceCv    | Got a bound platinum ring
 41762 | IceCv    | Identified the ring "Saidoacam" {-Tele rPois rN++ MP+9} (You found it in an ice cave)
 42093 | Shoals:2 | Found an opulent altar of Gozag.
 42283 | Shoals:2 | Noticed Polyphemus
 42317 | Shoals:2 | Received a gift from Trog
 42354 | Shoals:2 | Killed Polyphemus
 42987 | Shoals:2 | Noticed a kraken
 44058 | Shoals:3 | Received a gift from Trog
 44278 | Snake:1  | Entered Level 1 of the Snake Pit
 45411 | Snake:1  | Reached skill level 15 in Stealth
 45685 | Snake:2  | Noticed Agnes
 45689 | Snake:2  | Killed Agnes
 46088 | Snake:2  | Reached XP level 19. HP: 106/120 MP: 26/26
 46728 | Snake:2  | Received a gift from Trog
 48839 | Snake:3  | Received a gift from Trog
 49600 | Elf:1    | Killed Asterion
 50194 | Snake:4  | Entered Level 4 of the Snake Pit
 50416 | Snake:4  | Received a gift from Trog
 50610 | Snake:4  | Found a runed door.
 51032 | Snake:4  | Reached XP level 20. HP: 128/128 MP: 27/27
 52122 | Snake:4  | Received a gift from Trog
 52795 | Snake:4  | Got a serpentine rune of Zot
 53839 | Elf:2    | Reached skill level 15 in Fighting
 54076 | Elf:2    | Received a gift from Trog
 55810 | Shoals:4 | Entered Level 4 of the Shoals
 55850 | Shoals:4 | Received a gift from Trog
 56011 | Shoals:4 | Noticed Ilsuiw
 56063 | Shoals:4 | Reached XP level 21. HP: 101/134 MP: 28/28
 57201 | Shoals:4 | Got a barnacled rune of Zot
 57341 | Shoals:4 | Killed Ilsuiw
 58716 | Elf:2    | Received a gift from Trog
 59577 | Snake:4  | Received a gift from Trog
 60086 | D:15     | You paid a toll of a +5 demon trident to enter a treasure trove
 60087 | Trove    | Entered a treasure trove
 60205 | Trove    | Got a faintly glowing silver ring
 60207 | Trove    | Identified the ring "Anib" {EV+3 Dex+9} (You found it in a treasure trove)
 60225 | Trove    | Got an ichor-stained rapier
 60226 | Trove    | Identified the +9 rapier of the Doomed Warrior {freeze, *Confuse +Inv Dex+3 SInv} (You found it in a treasure trove)
 60657 | Elf:2    | Identified a scroll of acquirement
 60889 | Elf:2    | Found a huge runed gate.
 60891 | Elf:2    | Found a huge runed gate.
 60894 | Elf:2    | Found a huge runed gate.
 61160 | Elf:2    | Noticed ringo67's ghost (adept MiBe)
 61313 | Elf:2    | Killed ringo67's ghost
 61697 | Elf:2    | Reached XP level 22. HP: 120/141 MP: 29/29
 61881 | Elf:3    | Entered Level 3 of the Elven Halls
 61943 | Elf:3    | Found a radiant altar of Vehumet.
 62440 | Elf:3    | Got a warped copper amulet
 62442 | Elf:3    | Identified the amulet "Engianni" {Dismiss rPois rC+} (You took it off a deep elf annihilator on level 3 of the Elven Halls)
 63135 | Vaults:1 | Entered Level 1 of the Vaults
 63261 | Vaults:1 | Received a gift from Trog
 64736 | Vaults:1 | Found Eshrot's Weapon Emporium.
 64932 | Vaults:1 | Received a gift from Trog
 65772 | Elf:3    | Noticed Saint Roka
 65835 | Elf:3    | Killed Saint Roka
 66393 | Elf:3    | Reached XP level 23. HP: 63/148 MP: 30/30
 66981 | Elf:3    | Got a translucent copper ring
 66985 | Elf:3    | Identified the ring "Ysuas" {*Drain rC+ MR+ Str+3 Int+2} (You took it off a deep elf sorcerer on level 3 of the Elven Halls)
 67068 | Elf:3    | Got a flickering amber ring
 67071 | Elf:3    | Identified the ring of Unloag {Ice MR+ Str+3} (You took it off a deep elf annihilator on level 3 of the Elven Halls)
 67210 | Elf:3    | Got a shimmering silver ring
 67211 | Elf:3    | Identified the ring of Gozag's Anger {*Contam rF+ rN+ MP+9} (You took it off a deep elf master archer on level 3 of the Elven Halls)
 68351 | Vaults:2 | Received a gift from Trog
 69571 | Vaults:2 | Received a gift from Trog
 70044 | Vaults:3 | Found a staircase to the Crypt.
 70103 | Vaults:3 | Noticed Donald
 70128 | Vaults:3 | Killed Donald
 70240 | Vaults:3 | You fall through a shaft!
 71088 | Crypt:1  | Entered Level 1 of the Crypt
 71560 | Crypt:1  | Reached XP level 24. HP: 149/156 MP: 30/30
 72316 | Crypt:1  | Got a blackened ring mail
 72317 | Crypt:1  | Identified the +5 ring mail "Alisiri" {+Fly Str+4} (You found it on level 1 of the Crypt)
 72718 | Crypt:2  | Reached skill level 10 in Armour
 73309 | Crypt:3  | Entered Level 3 of the Crypt
 73748 | Crypt:3  | Received a gift from Trog
 73949 | Crypt:3  | Got a brightly glowing shield
 73960 | Crypt:3  | Identified the +3 shield of the Exiled Tales {rF+ Str+4} (You found it on level 3 of the Crypt)
 74375 | Crypt:3  | Noticed an ancient lich
 74419 | Crypt:3  | Killed an ancient lich
 74764 | Crypt:3  | Found an ancient bone altar of Kikubaaqudgha.
 74881 | Crypt:3  | Got a coiled steel ring
 74882 | Crypt:3  | Identified the ring "Wufyxt" {rF- rN+ Int+3 SInv} (You took it off a vampire knight on level 3 of the Crypt)
 75091 | Crypt:3  | Found a staircase to the Tomb.
 75371 | Crypt:3  | Got a pitted jade amulet
 75374 | Crypt:3  | Identified the amulet of the Scarab {rF+ Regen+} (You took it off a skeletal warrior on level 3 of the Crypt)
 77320 | Vaults:4 | Reached XP level 25. HP: 162/162 MP: 30/30
 78623 | Depths:1 | Entered Level 1 of the Depths
 78826 | Depths:1 | Found a gateway to Hell.
 78838 | Depths:1 | Received a gift from Trog
 79019 | Depths:1 | Noticed a juggernaut
 79025 | Depths:1 | Killed a juggernaut
 79058 | Depths:1 | Noticed Norris
 79067 | Depths:1 | Killed Norris
 80169 | Depths:2 | Found a gateway to a ziggurat.
 80784 | Depths:2 | Cast into level 4 of the Abyss (the power of Zot)
 80883 | Abyss:5  | Entered Level 5 of the Abyss
 80973 | Depths:2 | Escaped the Abyss
 81014 | Depths:2 | Received a gift from Trog
 81040 | Depths:2 | Noticed a juggernaut
 81068 | Depths:2 | Killed a juggernaut
 81599 | Hell     | Entered the Vestibule of Hell
 81599 | Hell     | Noticed Geryon
 81599 | Hell     | Noticed Murray
 81602 | Hell     | Killed Geryon
 81602 | Hell     | Reached XP level 26. HP: 168/169 MP: 30/30
 81864 | Depths:2 | Got a slimy golden ring
 81865 | Depths:2 | Identified the ring "Dotrohociaw" {MR+ AC+5} (You took it off a yaktaur on level 2 of the Depths)
 82730 | Depths:2 | Received a gift from Trog
 83345 | Depths:2 | Noticed a juggernaut
 83377 | Depths:2 | Killed a juggernaut
 84223 | Depths:2 | Reached skill level 27 in Short Blades
 84560 | Depths:2 | Received a gift from Trog
 84901 | Depths:2 | Noticed a shard shrike
 84901 | Depths:2 | an iron dragon changed into a shard shrike
 84909 | Depths:2 | a shard shrike changed into a titan
 84919 | Depths:2 | Noticed a juggernaut
 84919 | Depths:2 | a titan changed into a juggernaut
 84921 | Depths:2 | a juggernaut changed into a titan
 84932 | Depths:2 | Noticed a juggernaut
 84932 | Depths:2 | a titan changed into a juggernaut
 84938 | Depths:2 | a juggernaut changed into an iron dragon
 85384 | Depths:2 | Got a translucent glass ring
 85385 | Depths:2 | Identified the ring of Magginopt {Str+4 Int+2 Stlth+} (You took it off a spriggan air mage on level 2 of the Depths)
 85409 | Hell     | Killed Murray
 85812 | Depths:2 | Reached skill level 27 in Dodging
 86698 | Depths:2 | Reached XP level 27. HP: 162/177 MP: 31/31
 87261 | Hell     | Received a gift from Trog
 87645 | Hell     | Found a gateway to the Iron City of Dis.
 87730 | Hell     | Found a gateway to the freezing wastes of Cocytus.
 87951 | Hell     | Found a gateway to the decaying netherworld of Tartarus.
 88024 | Hell     | Found a gateway to the ashen valley of Gehenna.
 88991 | Depths:3 | Found Gozag's Antique Armour Shop.
 89069 | Depths:3 | Found an opulent altar of Gozag.
 89073 | Depths:3 | Found Gozag's Antique Armour Shop.
 89097 | Depths:3 | Found Gozag's Assorted Antiques.
 89545 | Depths:3 | Received a gift from Trog
 89955 | Depths:3 | Found a one-way gate to the infinite horrors of the Abyss.
 90128 | Depths:3 | Gained mutation: You have large cloven feet. [potion of beneficial mutation]
 90225 | Depths:3 | Found a one-way gate leading to the halls of Pandemonium.
 91545 | Depths:4 | Received a gift from Trog
 93197 | Depths:5 | Entered Level 5 of the Depths
 93568 | Depths:5 | Noticed Xtahua
 93578 | Depths:5 | Killed Xtahua
 95034 | Depths:5 | Received a gift from Trog
 95789 | Depths:5 | Found a runed door.
 95825 | Depths:5 | Found a runed door.
 95826 | Depths:5 | Found a runed door.
 95846 | Depths:5 | Found a runed door.
 95918 | Depths:5 | Found a gate to the Realm of Zot.
 96072 | Depths:5 | Found a runed door.
 96072 | Depths:5 | Found a runed door.
 96858 | Vaults:5 | Entered Level 5 of the Vaults
 97222 | Vaults:4 | Received a gift from Trog
 97630 | Vaults:5 | Got a silver rune of Zot
 98643 | Vaults:5 | Received a gift from Trog
 98670 | Vaults:5 | Noticed Jorgrun
 98892 | Vaults:5 | Noticed an ancient lich
 98927 | Vaults:5 | Killed an ancient lich
 99238 | Vaults:5 | Found Osieze's Food Shop.
 99762 | Vaults:5 | Killed Jorgrun
100160 | Vaults:5 | Received a gift from Trog
100658 | Vaults:5 | Got a slimy marble ring
100660 | Vaults:5 | Identified the cursed ring of the Duke {rC+ MR+ Dex-3} (You found it on level 5 of the Vaults)
101193 | Vaults:5 | Found Vimnor's Distillery.
101193 | Vaults:5 | Found Fufesy's Distillery.
101987 | D:9      | Bought a potion of heal wounds for 65 gold pieces
101987 | D:9      | Bought a potion of heal wounds for 65 gold pieces
101987 | D:9      | Bought a potion of heal wounds for 65 gold pieces
101987 | D:9      | Bought a potion of curing for 39 gold pieces
102323 | Vaults:5 | Received a gift from Trog
102342 | Vaults:5 | Bought 2 potions of heal wounds for 150 gold pieces
102342 | Vaults:5 | Bought a potion of heal wounds for 75 gold pieces
102342 | Vaults:5 | Bought a potion of heal wounds for 75 gold pieces
102757 | Orc:2    | Bought a potion of heal wounds for 90 gold pieces
102757 | Orc:2    | Bought a potion of heal wounds for 90 gold pieces
102757 | Orc:2    | Bought a potion of beneficial mutation for 630 gold pieces
102761 | Orc:2    | Gained mutation: You are somewhat resistant to further mutation. [potion of beneficial mutation]
103158 | Zot:1    | Entered Level 1 of the Realm of Zot
103208 | Zot:1    | Noticed an orb of fire
103215 | Zot:1    | Killed an orb of fire
105030 | Depths:4 | Voluntarily entered the Abyss.
105419 | Abyss:2  | Found a runed door.
105791 | Abyss:2  | Paralysed by accursed screaming for 1 turns
105796 | Abyss:2  | Paralysed by accursed screaming for 1 turns
106011 | Depths:4 | Escaped the Abyss
106058 | Depths:3 | Voluntarily entered the Abyss.
106061 | Abyss:1  | Found a corrupted altar of Lugonu.
106080 | Depths:3 | Escaped the Abyss
106082 | Depths:3 | Voluntarily entered the Abyss.
106249 | Abyss:4  | Identified a +1 rod of clouds (10/10) (You found it on level 4 of the Abyss)
106551 | Abyss:4  | Received a gift from Trog
106573 | Abyss:4  | Paralysed by accursed screaming for 1 turns
106584 | Abyss:4  | Paralysed by accursed screaming for 2 turns
106634 | Depths:3 | Escaped the Abyss
109187 | Zot:2    | Reached skill level 15 in Armour
109660 | Depths:4 | Voluntarily entered the Abyss.
110987 | Abyss:1  | Found a corrupted altar of Lugonu.
111247 | Abyss:1  | Received a gift from Trog
111388 | Depths:4 | Escaped the Abyss
111866 | Zot:3    | Noticed an orb of fire
111891 | Zot:3    | Killed an orb of fire
113492 | Zot:4    | Reached skill level 27 in Fighting
113781 | Zot:4    | Reached skill level 27 in Stealth
114428 | Zot:4    | Received a gift from Trog
115756 | Slime:1  | Entered Level 1 of the Pits of Slime
116251 | Slime:2  | Gained mutation: You occasionally shout uncontrollably at your foes. [a shining eye]
116257 | Slime:2  | Gained mutation: You regenerate slowly when monsters are visible. [a shining eye]
116259 | Slime:2  | Lost mutation: You are somewhat resistant to further mutation. [potion of cure mutation]
116259 | Slime:2  | Lost mutation: You have large cloven feet. [potion of cure mutation]
116259 | Slime:2  | Lost mutation: You occasionally shout uncontrollably at your foes. [potion of cure mutation]
116259 | Slime:2  | Lost mutation: You regenerate slowly when monsters are visible. [potion of cure mutation]
116356 | Slime:2  | Received a gift from Trog
118468 | Slime:3  | Gained mutation: Scrolls take you a little longer to read. [a shining eye]
118471 | Slime:3  | Lost mutation: Scrolls take you a little longer to read. [potion of cure mutation]
118471 | Slime:3  | Lost mutation: You are partially covered in iridescent scales (AC +4). [potion of cure mutation]
118601 | Slime:4  | Noticed Dissolution
118611 | Slime:4  | Killed Dissolution
119636 | Slime:5  | Received a gift from Trog
120271 | Slime:6  | Entered Level 6 of the Pits of Slime
120451 | Slime:6  | Noticed the Royal Jelly
121114 | Slime:5  | HP: 5/199 [acid[the Royal Jelly] (5)]
121114 | Slime:5  | Slain by an azure jelly

Skill      XL: |  1  2  3  4  5  6  7  8  9 10 11 12 13 14 15 16 17 18 19 20 21 22 23 24 25 26 27 |
---------------+----------------------------------------------------------------------------------+-----
Dodging        | 3 4 5 6 8 9 11 12 13 14 15 16 18 19 20 21 22 23 24 25 26 27 | 27.0
Fighting       | 4 5 6 7 8 9 11 12 13 14 15 16 17 18 19 27 | 27.0
Short Blades   | 5 6 7 8 9 10 12 13 15 16 17 18 19 20 21 22 23 24 25 26 27 | 27.0
Stealth        | 1 2 3 4 5 6 7 9 11 12 14 15 16 17 18 19 20 21 27 | 27.0
Armour         | 2 3 4 5 6 7 8 9 10 18 | 18.4
Shields        | 1 2 3 4 5 |  5.6
Evocations     | 2 5 7 9 10 12 | 12.6
Long Blades    | |  0.5

Action                   |  1- 3 |  4- 6 |  7- 9 | 10-12 | 13-15 | 16-18 | 19-21 | 22-24 | 25-27 || total
-------------------------+-------+-------+-------+-------+-------+-------+-------+-------+-------++-------
Melee: Short sword       |   104 |   273 |   482 |       |       |       |       |       |       ||   859
       Rapier            |       |       |    97 |  1441 |  1697 |  1808 |  2128 |  2481 |  7292 || 16944
       Scimitar          |       |       |       |     8 |    12 |       |       |       |       ||    20
Invok: Berserk           |     5 |     6 |    14 |    20 |    15 |    10 |    14 |    13 |    37 ||   134
       Trog's Hand       |     1 |     3 |     7 |     9 |    12 |    14 |    22 |    23 |    28 ||   119
       Brothers in Arms  |       |       |       |     3 |     2 |     3 |     4 |     3 |     5 ||    20
Evoke: Box of beasts     |       |       |       |     2 |     2 |       |     2 |     2 |     3 ||    11
       Wand              |       |       |       |     2 |       |     4 |     3 |     2 |     5 ||    16
       Phial of floods   |       |       |       |       |     3 |     2 |     4 |     2 |     5 ||    16
       Rod               |       |       |       |       |     3 |     1 |       |       |    27 ||    31
       Lamp of fire      |       |       |       |       |       |     2 |     3 |     4 |     1 ||    10
       Fan of gales      |       |       |       |       |       |       |     3 |     1 |     1 ||     5
       Sack of spiders   |       |       |       |       |       |       |     1 |     1 |     2 ||     4
  Use: Scroll            |     1 |     1 |    13 |     2 |    20 |    10 |     4 |     7 |    15 ||    73
       Potion            |       |       |       |       |     1 |     5 |     3 |     3 |    13 ||    25
 Stab: Sleeping          |       |     6 |    10 |     3 |    41 |    51 |    27 |    81 |    91 ||   310
       Distracted        |       |     2 |       |     3 |     4 |     8 |    13 |     6 |    41 ||    77
       Petrified         |       |       |       |       |       |     1 |       |       |       ||     1
       Held in net/web   |       |       |       |       |       |     1 |       |       |       ||     1
       Petrifying        |       |       |       |       |       |     1 |       |       |       ||     1
       Invisible         |       |       |       |       |       |       |       |       |     2 ||     2
  Eat: Chunk             |    14 |    17 |    30 |    54 |    66 |    63 |    64 |    53 |   151 ||   512
       Royal jelly       |       |       |       |       |       |       |     2 |     2 |     4 ||     8
       Pizza             |       |       |       |       |       |       |     1 |     3 |     1 ||     5
       Beef jerky        |       |       |       |       |       |       |     1 |       |     3 ||     4
       Meat ration       |       |       |       |       |       |       |       |     1 |     3 ||     4
Armor: Animal skin       |    31 |     4 |       |       |       |       |       |       |       ||    35
       Leather armour    |       |    25 |    88 |       |       |       |       |       |       ||   113
       Ring mail         |       |       |       |   236 |   197 |   238 |   223 |   272 |   213 ||  1379
       Fire dragon armou |       |       |       |       |       |       |       |       |   838 ||   838
Dodge: Dodged            |   119 |   164 |   339 |   932 |  1139 |  1427 |  1526 |  1475 |  5347 || 12468
Block: Buckler           |       |       |    71 |   340 |   430 |   646 |  1109 |  1072 |  3327 ||  6995
       Reflection        |       |       |       |       |       |    42 |   133 |    76 |   106 ||   357
       Shield            |       |       |       |       |       |       |       |     3 |       ||     3
       Other             |       |       |       |       |       |       |       |     2 |       ||     2
